 Dungeon Crawl Stone Soup version 0.28.0-43-g3370ac3207 (webtiles) character file.

Game seed: 16698346502160688055

235 pkoi the Chiller (level 6, -1/49 HPs)
             Began as a Naga Ice Elementalist on Mar 21, 2022.
             Was an Initiate of Cheibriados.
             Slain by a phantom (3 damage)
             ... on level 4 of the Dungeon.
             The game lasted 00:05:09 (4721 turns).

pkoi the Chiller (Naga Ice Elementalist)            Turns: 4721, Time: 00:05:10

Health: -1/49      AC:  4    Str: 11    XL:     6   Next: 6%
Magic:  2/9        EV: 14    Int: 18    God:    Cheibriados [......]
Gold:   123        SH:  0    Dex: 13    Spells: 2/9 levels left

rFire   . . .      SeeInvis +   b - +0 dagger
rCold   . . .      Faith    .   (no shield)
rNeg    . . .      Spirit   .   a - +0 robe
rPois   +          Reflect  .   (no helmet)
rElec   .          Harm     .   o - +0 cloak
rCorr   .          Rampage  .   (no gloves)
Will    .....                   (no barding)
Stlth   ++........              (no amulet)
HPRegen 0.16/turn               i - +4 ring of evasion
MPRegen 0.11/turn               (no ring)

@: about to teleport, very slow
A: AC +2, large, see invisible, deformed body, poison resistance, slowness 2,
spit poison 1, naga tail 1
a: Spit Poison, Renounce Religion


You were on level 4 of the Dungeon.
You worshipped Cheibriados.
Cheibriados was noncommittal.
You visited 1 branch of the dungeon, and saw 4 of its levels.

You collected 123 gold pieces.

Inventory:

Hand Weapons
 b - a +0 dagger (weapon)
 p - a +0 hand crossbow
Missiles
 m - 2 javelins
 q - 9 bolts
Armour
 a - a +0 robe (worn)
 o - a +0 cloak (worn)
Jewellery
 i - a +4 ring of evasion (left hand)
Scrolls
 d - 6 scrolls of identify
 l - a scroll of immolation {unknown}
Potions
 e - a potion of degeneration {unknown}
 g - 2 potions of haste {unknown}
 h - a potion of attraction {unknown}
 j - a potion of curing {unknown}


   Skills:
 - Level 1.5 Dodging
 + Level 3.1 Stealth
 + Level 2.0 Spellcasting
 + Level 7.0 Ice Magic
 + Level 0.2 Invocations


You had 2 spell levels left.
You knew the following spells:

 Your Spells              Type           Power      Damage    Failure   Level
a - Freeze                Ice            100%       1d11      1%          1
b - Frozen Ramparts       Ice            54%        1d7       3%          3
c - Ozocubu's Armour      Ice            27%        N/A       3%          3

Your spell library contained the following spells:

 Spells                   Type           Power      Damage    Failure   Level
 Hailstorm                Conj/Ice       14%        3d5       38%         4
 Portal Projectile        Hex/Tloc       2%         N/A       47%         3
 Summon Mana Viper        Hex/Summ       1%         N/A       99%         5
 Yara's Violent Unravell  Hex/Tmut       0%         3d3       99%         5


Dungeon Overview and Level Annotations

Branches:
Dungeon (4/15)
 Temple: D:4-7

Altars:
Cheibriados

Shops:
D:4 :

Annotations:
D:2 Natasha
D:3 2 transporters


Innate Abilities, Weirdness & Mutations

Your serpentine skin is tough. (AC +2)
You have supernaturally acute eyesight. (SInv)
Armour fits poorly on your strangely shaped body.
Your system is resistant to poisons. (rPois)
You cover ground very slowly.
You can spit poison.
You have a snake-like lower body.


Message History

The phantom blinks!
You blink.
Unknown command.
The phantom barely misses you. The phantom closely misses you.
Casting: Freeze (safe; 1% risk of failure)
Confirm with . or Enter, or press ? or * to list all spells.
Casting: Frozen Ramparts (dangerous; 3% risk of failure)
Press: ? - help, Dir - look around, f - activate The walls around you are covered in ice.
The phantom resists.
The wall freezes the phantom.
The phantom hits you!
* * * LOW HITPOINT WARNING * * *
The phantom blinks!
You blink.
The frozen ramparts melt away as you move.
The phantom hits you!
* * * LOW HITPOINT WARNING * * *
The phantom hits you.
* * * LOW HITPOINT WARNING * * *
As you read the scroll labelled ENOYGODOYCA, it crumbles to dust.
You hear a loud clanging noise!
It was a scroll of noise.
You hear a shout!
The phantom hits you.
* * * LOW HITPOINT WARNING * * *
As you read the scroll labelled LERAAKO JOMILLU, it crumbles to dust.
It is a scroll of identify.
n - a scroll of teleportation The goblin closely misses you.
The phantom hits you.
* * * LOW HITPOINT WARNING * * *
The phantom blinks!
You blink.
As you read the scroll of teleportation, it crumbles to dust.
You feel strangely unstable.
The phantom hits you but does no damage.
As you read the scroll labelled DAXTOKHLICY, it crumbles to dust.
You feel aware of your surroundings.
You sensed 3 altars.
It was a scroll of magic mapping.
The phantom hits you.
* * * LOW HITPOINT WARNING * * *
As you read the scroll labelled JITOTO VO UGH, it crumbles to dust.
Wisps of shadow whirl around you...
It was a scroll of summoning.
The phantom hits you.
You die...

....# #......,,,* *,* *** ###.#
####..).##**,** *,* **,≈ ###.#
#........,,,,,* *,***^,,
....#####.##.#.##***,,****,**,≈,,
......§.........# *,,,,,,>**,,≈,
#########.##.#n.# **,****,*,,,**
*** #.##.#..#####.#.,,**,,**,
*,******#.......g.......,,*,≈**,,
,,,*,,,*####.#..@B......,**,**,,*
,,,*,,,,,*...#gg.W......,*,,*,,**
*,_*,*,*,#...######.###.,*,**,**≈
*_**,*,,.....#*** *.# **,*,*,,*,,
#***,**.......,,* *,# *,*,*,,*,,
# *,,,.......,,* *,* *,*,**,**≈ #
****,,,,,..,,* *,* *,*,,*,,** #
****,,,**** *,* *,**,**,,* #
*,,,******,* *,**,≈**,,


You could see a phantom (ally target), a necrophage, a goblin (ally target), a
friendly giant cockroach (summoned), a friendly hobgoblin (summoned) and a
friendly goblin (summoned).

Vanquished Creatures
  An iron imp (D:3)
  Jessica (D:2)
  Natasha (twice) (D:2)
  3 adders
  3 gnolls (D:2)
  4 dart slugs
  9 ball pythons
  5 bats
  8 endoplasms
  4 giant cockroaches
  4 goblins
  6 hobgoblins
  3 frilled lizards
  7 kobolds
  8 rats
68 creatures vanquished.

Notes
Turn   | Place    | Note
-------+----------+-------------------------------------------
     0 | D:1      | pkoi the Naga Ice Elementalist began the quest for the Orb.
     0 | D:1      | Reached XP level 1. HP: 15/15 MP: 3/3
   249 | D:1      | Reached XP level 2. HP: 17/22 MP: 1/5
   751 | D:1      | Got the Catalogue of Enchantment
   874 | D:1      | Reached XP level 3. HP: 27/28 MP: 4/6
  1182 | D:1      | Reached skill level 5 in Ice Magic
  1493 | D:2      | Found a faded altar of an unknown god.
  1936 | D:2      | Noticed Natasha
  1944 | D:2      | Killed Natasha
  1945 | D:2      | Reached XP level 4. HP: 20/36 MP: 0/7
  2117 | D:2      | Reached skill level 6 in Ice Magic
  2500 | D:2      | Noticed Jessica
  2501 | D:2      | Noticed Natasha
  2508 | D:2      | Killed Natasha
  2509 | D:2      | Reached XP level 5. HP: 16/42 MP: 2/8
  2509 | D:2      | Killed Jessica
  3127 | D:2      | Noticed Natasha
  3198 | D:3      | Found a transporter.
  3384 | D:3      | Found a transporter.
  3387 | D:3      | Noticed a small abomination
  3387 | D:3      | Noticed a small abomination
  3483 | D:3      | Noticed a small abomination
  3909 | D:3      | Found a snail-covered altar of Cheibriados.
  3921 | D:3      | Reached skill level 7 in Ice Magic
  3924 | D:3      | Became a worshipper of Cheibriados the Contemplative
  4482 | D:4      | Learned a level 3 spell: Frozen Ramparts
  4486 | D:4      | Learned a level 3 spell: Ozocubu's Armour
  4535 | D:4      | Reached XP level 6. HP: 49/49 MP: 6/9
  4564 | D:4      | Found Myget's Book Boutique.
  4704 | D:4      | Noticed a necrophage
  4720 | D:4      | HP: 2/49 [phantom (3)]
  4721 | D:4      | Slain by a phantom

Illustrated notes

Levels and vault maps discovered:
D:1:      minmay_arrival_stone_box, layout_basic, minmay_tetromino_l2
D:2:      layout_loops_cross, nicolae_ecumenical_snake_handling, uniq_jessica,
          uniq_natasha
D:3:      layout_loops_corners, slow_altar_2, gammafunk_ghost_abyssal_escape
D:4:      layout_loops_ring, minitemple, serial_shops, nicolae_square_shop,
          nzn_random_ring

Skill      XL: |  1  2  3  4  5 |
---------------+----------------+-----
Ice Magic      | 5 6 7 |  7.0
Dodging        | |  1.5
Stealth        | |  3.1
Spellcasting   | |  2.0
Invocations    | |  0.2

Action                   |  1- 3 |  4- 6 || total
-------------------------+-------+-------++-------
Melee: Dagger            |    25 |    20 ||    45
 Cast: Freeze            |    52 |    57 ||   109
       Frozen Ramparts   |       |     3 ||     3
 Abil: Spit Poison       |       |     1 ||     1
  Use: Scroll            |       |     5 ||     5
 Stab: Sleeping          |     2 |     3 ||     5
Armor: Robe              |    12 |     8 ||    20
Dodge: Dodged            |    30 |    63 ||    93
